 Dungeon Crawl Stone Soup version 0.19.1 (webtiles) character file.

335806 aspy the Wrestler (level 21, -4/189 HPs)
             Began as a Ghoul Venom Mage on Dec 17, 2016.
             Was the Champion of Dithmenos.
             Shot with a bolt by a yaktaur (16 damage)
             ... led by a yaktaur captain
             ... on level 3 of the Vaults on Dec 18, 2016.
             The game lasted 07:03:18 (42670 turns).

aspy the Wrestler (Ghoul Venom Mage)               Turns: 42670, Time: 07:03:18

Health: -4/189     AC: 14    Str: 19    XL:     21   Next: 46%
Magic:  13/23      EV: 34    Int: 12    God:    Dithmenos [******]
Gold:   2491       SH:  0    Dex: 25    Spells: 6 memorised, 10 levels left

rFire  + . .     SeeInvis .       - Unarmed
rCold  + . .     Gourm    .     Z - +2 steam dragon scales
rNeg   + + +     Faith    .     (no shield)
rPois  ∞         Spirit   .     w - +2 helmet
rElec  .         Reflect  .     u - +0 cloak
rCorr  .         Harm     .     (no gloves)
MR     +....                    x - +2 pair of boots {run}
Stlth  ++++++++++               r - amulet "Ozaivvux" {RegenMP Fragile Str+4 Dex+6}
                                j - ring of protection from fire
                                F - ring of wizardry

@: agile, very slightly contaminated, rotting, hasted, wreathed by umbra, very
quick
A: rotting body, claws 1, carnivore 3, cold resistance 1, negative energy
resistance 3, slow regeneration 1, torment resistance, unbreathing
a: Shadow Step, Shadow Form, Renounce Religion
}: 3/15 runes: barnacled, abyssal, gossamer


You were on level 3 of the Vaults.
You worshipped Dithmenos.
Dithmenos was exalted by your worship.
You were not hungry.

You visited 8 branches of the dungeon, and saw 37 of its levels.
You visited the Abyss 1 time.
You also visited: Ice Cave and Wizlab.

You collected 3302 gold pieces.
You spent 811 gold pieces at shops.

Inventory:

Missiles
 C - 9 throwing nets
 H - 13 javelins (quivered)
Armour
 u - a +0 cloak (worn)
 w - a +2 helmet (worn)
 x - a +2 pair of boots of running (worn)
 K - a +0 pair of gloves of dexterity
 Z - +2 steam dragon scales (worn)
Jewellery
 f - an uncursed ring of flight
 j - a ring of protection from fire (right claw)
 r - the amulet "Ozaivvux" (around neck) {RegenMP Fragile Str+4 Dex+6}
   (You found it on level 6 of the Dungeon)

   [amulet of magic regeneration]

   It increases your magic regeneration.
   It affects your strength (+4).
   It affects your dexterity (+6).
   It will be destroyed if unequipped.
 v - a +4 ring of evasion
 y - a +4 ring of intelligence
 F - a ring of wizardry (left claw)
 U - an uncursed ring of protection from magic
Wands
 a - a wand of lightning (7/15)
 g - a wand of hasting (4/9)
 t - a wand of digging (5/24)
 B - a wand of acid (6/15)
 L - a wand of slowing (32/48)
 N - a wand of hasting (2/9)
 P - a wand of polymorph (1/24)
 Q - a wand of lightning (7/15)
 R - a wand of disintegration (4/24)
Scrolls
 e - 16 scrolls of remove curse
 h - 4 scrolls of fear
 i - 9 scrolls of fog
 k - 4 scrolls of amnesia
 m - 2 scrolls of recharging
 n - 3 scrolls of silence
 s - a scroll of vulnerability
 D - 2 scrolls of torment
 G - 2 scrolls of teleportation
 I - 3 scrolls of magic mapping
 M - a scroll of identify
 V - 3 scrolls of blinking
Potions
 b - a potion of resistance
 l - a potion of might
 o - a potion of cancellation
 q - 3 potions of brilliance
 z - 5 potions of curing
 A - 2 potions of magic
 Y - a potion of agility
Miscellaneous
 X - a phantom mirror
Comestibles
 c - 15 meat rations
 d - 5 beef jerkies
 p - 4 royal jellies
 E - 11 slices of pizza
 J - a chunk of flesh


   Skills:
 + Level 16.6 Fighting
 - Level 16.0 Dodging
 - Level 11.0 Stealth
 - Level 25.2 Unarmed Combat
 - Level 2.0 Spellcasting
 - Level 2.0 Conjurations
 - Level 5.9 Charms
 - Level 3.1 Necromancy
 - Level 1.0 Air Magic
 - Level 10.0 Poison Magic
 - Level 4.0 Invocations


You had 10 spell levels left.
You knew the following spells:

 Your Spells              Type           Power        Failure   Level  Hunger
a - Mephitic Cloud        Conj/Pois/Air  ##......     7%          3    ####...
b - Song of Slaying       Chrm           ###.....     1%          2    ###....
c - Olgreb's Toxic Radia  Pois           ####....     1%          4    #####..
d - Infusion              Chrm           ###.         1%          1    ##.....
r - Regeneration          Chrm/Necr      ##........   6%          3    ####...
z - Sting                 Conj/Pois      ###.         1%          1    ##.....


Dungeon Overview and Level Annotations

Branches:
Dungeon (15/15)            Temple (1/1) D:6            Lair (6/6) D:11
 Shoals (4/4) Lair:2       Spider (4/4) Lair:4        Slime (0/5) Lair:5
    Orc (2/2) D:11         Vaults (3/5) D:13         Depths (2/5) D:15
    Elf: Orc:2        Crypt: Vaults:2-3

Altars:
Ashenzari
Cheibriados
Dithmenos
Elyvilon
Fedhas
Gozag
Hepliaklqana
Kikubaaqudgha
Makhleb
Nemelex Xobeh
Okawaru
Qazlal
Ru
Sif Muna
Trog
Uskayaw
Vehumet
Xom
Yredelemnul
Zin
The Shining One
Jiyva

Shops:
D:6 *   D:14 [   Orc:2 *[*:(   Shoals:2 ?

Portals:
Hell: Depths:1
Pandemonium: Depths:1
Ziggurat: Depths:2
Trove: Vaults:2 (lose all piety)

Annotations:
D:4 Philosophy's ghost, amateur FoFi
D:5 Edmund
D:11 exclusion: hydra
Lair:2 exclusion: 3 death yaks
Lair:3 Urug
Shoals:3 exclusion: downstairs
Spider:2 kraedy's ghost, adept GrFi
Spider:4 Arachne
Orc:2 Rupert
Vaults:1 exclusions: 2 doors and ironbrand convoker
Vaults:2 exclusion: door
Depths:1 exclusion: 2 great orbs of eyes


Innate Abilities, Weirdness & Mutations

Your body is rotting away.
You thrive on raw meat.
You are immune to poison.
You have sharp fingernails.
You are carnivorous and can eat meat at any time.
Your flesh is cold resistant. (rC+)
You are immune to negative energy. (rN+++)
You regenerate slowly when monsters are visible.
You are immune to unholy pain and torment.
You can survive without breathing.


Message History

* * * LOW HITPOINT WARNING * * *
The frost giant points at you and mumbles some strange words.
The bolt of cold misses you.
There is an open door here.
You feel yourself speed up.
You are very lightly contaminated with residual magic.
You feel agile all of a sudden.
The fire giant points at you and mumbles some strange words.
The fireball explodes!
The fireball engulfs you! You resist.
* * * LOW HITPOINT WARNING * * *
You hear a shout! x2
Okay, then.
Blink to where?
Press: ? - help, Dir - move target cursor, p - fire giant
As you read the scroll of blinking, it crumbles to dust. 2 yaktaurs come into view.
The yaktaur wields a runed arbalest.
The yaktaur shoots a bolt.
The bolt misses you.
The yaktaur wields an arbalest.
The yaktaur shoots a bolt.
The bolt hits you!
You die...

.........#.......'..............
.........#......C#..............
.........#......§#..............
.........#.......#..............
.........#.......#....#####'####
.........#.......#....#.........
........#######'##...#....#.#..
###.##...#...##.##.
#.@.##...#..##...##
#.....##...#.##.....#
#..c...####...#.#...<).. #......
#...#.##..)))# #...c..
#...#..##...## ####...
#...#...##.##. ###.
#...#....#.#.. ## #...#.........
######...##########


You could see a frost giant and 2 yaktaurs.

Vanquished Creatures
  A greater mummy (WizLab)
  An Ice Fiend (IceCv)
  3 liches
  A quicksilver dragon (Abyss:4)
  A tentacled starspawn (Abyss:3)
  Gastronok (D:12)
  A fire giant (Depths:1)
  9 vault wardens
  A ghost moth (Spider:4)
  6 emperor scorpions
  17 ironheart preservers
  7 very ugly things
  Nessos (D:13)
  7 entropy weavers
  6 stone giants
  A vampire knight (Depths:1)
  A deep elf demonologist (Vaults:1)
  2 dire elephants (Lair:6)
  A deep elf annihilator (Vaults:2)
  4 spark wasps
  A dire elephant (shapeshifter) (Abyss:3)
  2 blizzard demons (Abyss:5)
  8 yaktaur captains
  2 merfolk javelineers (Shoals:4)
  Snorg (Lair:4)
  Josephine (D:15)
  A deep elf death mage (Vaults:2)
  3 fire dragons
  2 mummy priests (WizLab)
  17 ogre magi
  2 great orbs of eyes
  5 merfolk impalers
  A rakshasa (Vaults:2)
  3 ice dragons
  A hydra (Lair:6)
  9 vault guards
  A merfolk avatar (Lair:6)
  5 centaur warriors
  A catoblepas (D:13)
  3 death knights
  8 death scarabs (Spider:4)
  An alligator snapping turtle (Shoals:4)
  4 deep troll shamans
  A merfolk aquamancer (Shoals:4)
  6 death yaks (Lair:5)
  2 deep troll earth magi
  4 thrashing horrors (Abyss:3)
  A vampire mage (Abyss:3)
  A storm dragon zombie (WizLab)
  3 deep elf knights
  Sonja (D:11)
  A sun demon (Abyss:3)
  2 iron trolls (Depths:1)
  A sixfirhy (Abyss:3)
  6 skeletal warriors
  A spectral emperor scorpion (Spider:4)
  12 sea snakes
  A flayed ghost (Vaults:1)
  2 wretched stars (Abyss:3)
  2 unseen horrors
  8 ironbrand convokers
  18 deep trolls
  3 glowing orange brains
  3 wizards
  A phantasmal warrior (Vaults:2)
  Pikel (D:9)
  8 deep elf archers
  A necromancer (Depths:2)
  2 wolf spider zombies
  15 harpies
  4 spectral wolf spiders (Spider:4)
  20 wolf spiders
  6 hill giants
  9 orc knights
  13 deep elf magi
  A frost giant zombie (WizLab)
  An iron dragon zombie (WizLab)
  5 manticores
  An orc sorcerer (Vaults:2)
  A human zombie (WizLab)
  18 orb spiders
  An orb spider (shapeshifter) (Vaults:2)
  39 ugly things
  5 fauns
  A manticore (shapeshifter) (Abyss:3)
  7 cyclopes
  A fire giant zombie (WizLab)
  5 sirens
  3 spriggan zombies
  A moth of wrath (Spider:4)
  A worldbinder (Abyss:3)
  An elephant (shapeshifter) (Abyss:4)
  4 black mambas
  A demonspawn zombie (WizLab)
  A guardian serpent (Abyss:3)
  A black mamba (shapeshifter) (Vaults:2)
  18 elephants
  2 centaur skeletons
  A stone giant skeleton (Depths:2)
  3 smoke demons
  11 vault sentinels
  A water nymph (Shoals:3)
  2 ice statues (IceCv)
  A hellion (Abyss:3)
  8 spiny frogs
  2 torpor snails (Spider:4)
  A rime drake (shapeshifter) (Abyss:3)
  10 rime drakes
  A spiny frog (shapeshifter) (Abyss:4)
  12 demonic crawlers
  2 kobold demonologists (D:12)
  5 freezing wraiths
  A redback zombie (Spider:4)
  27 yaktaurs
  11 ice devils (IceCv)
  2 spectral redbacks (Spider:4)
  4 anaconda simulacra (IceCv)
  3 ancient zymes (Abyss:3)
  An efreet (Abyss:3)
  2 hellwings
  5 komodo dragons
  2 trolls (D:9)
  7 polar bears
  A guardian mummy (WizLab)
  5 wind drakes
  10 hornets
  37 jumping spiders
  A polar bear (shapeshifter) (D:14)
  8 merfolk
  3 meliai (D:14)
  A slime creature (shapeshifter) (Vaults:3)
  A deep troll zombie (WizLab)
  Prince Ribbit (D:5)
  2 jumping spider zombies (Spider:4)
  2 tarantella zombies (Spider:4)
  26 two-headed ogres
  4 spectral jumping spiders (Spider:4)
  8 hippogriffs
  7 raiju
  7 snapping turtles
  A fire dragon zombie (WizLab)
  30 blink frogs
  2 spectral tarantellas (Spider:4)
  26 slime creatures
  An ettin zombie (WizLab)
  A centaur simulacrum (D:15)
  A vampire (D:12)
  2 water elementals
  A shadow (D:15)
  10 wraiths
  9 large abominations
  2 spriggans (Lair:3)
  4 wyverns
  41 yaks
  A ynoxinul (Abyss:3)
  3 hogs (D:9)
  2 hungry ghosts
  28 tarantellas
  77 redbacks
  4 basilisks
  2 chaos spawn
  17 humans
  2 steam dragons (Shoals:3)
  An elf skeleton (Depths:2)
  9 vampire mosquitoes
  3 insubstantial wisps (Abyss:3)
  5 wargs
  3 soldier ants
  3 harpy simulacra (IceCv)
  2 tengu zombies (WizLab)
  Duvessa (D:5)
  8 porcupines
  15 water moccasins
  A hydra simulacrum (IceCv)
  2 sky beasts
  25 orc warriors
  A slave (D:9)
  3 spectral hornets (Spider:4)
  2 phantoms
  An ettin simulacrum (IceCv)
  A black bear (shapeshifter) (D:15)
  6 black bears
  82 ogres
  8 boggarts (Vaults:2)
  3 hornet zombies
  14 wolves
  17 crocodiles
  12 centaurs
  4 big kobolds
  4 earth elementals (Spider:3)
  19 bullfrogs
  Dowan (D:5)
  A wyvern zombie (D:14)
  2 wyvern skeletons
  2 scorpions
  15 killer bees
  A howler monkey (D:4)
  5 crimson imps
  A quasit (Abyss:4)
  3 centaur zombies
  A bullfrog zombie (D:8)
  11 orc priests
  4 jellies
  9 small abominations
  A bullfrog skeleton (D:13)
  7 hounds
  18 orc wizards
  2 iron imps
  4 iguanas
  A lightning spire (Abyss:5)
  14 worker ants
  A hound zombie (D:6)
  2 hound skeletons
  A worker ant zombie (D:8)
  4 gnolls (D:5)
  20 adders
  A shadow imp (D:13)
  A white imp (Abyss:3)
  An ufetubus (Abyss:3)
  An ooze (D:1)
  An adder zombie (D:8)
  2 adder skeletons
  3 worms
  2 dart slugs
  4 leopard geckos
  71 orcs
  4 ball pythons
  A giant cockroach (D:3)
  8 hobgoblins
  11 jackals
  17 kobolds
  4 quokkas
  A ball python skeleton (D:4)
  19 bats
  2 frilled lizards
  A giant cockroach zombie (D:5)
  9 goblins
  A jackal zombie (D:6)
  2 leopard gecko skeletons (D:4)
  A leopard gecko zombie (D:6)
  24 rats
  A crawling corpse (Vaults:2)
  4 plants
1531 creatures vanquished.

Vanquished Creatures (others)
  A hell hog (Abyss:3)
  A deep elf knight (Vaults:2)
  2 small abominations (Abyss:3)
  An air elemental (Abyss:3)
  An orc warrior (Vaults:3)
  2 ogres
  A slave (D:9)
  An ufetubus (Abyss:3)
  A giant cockroach (D:5)
  18 fungi
  20 plants
49 creatures vanquished.

Grand Total: 1580 creatures vanquished

Notes
Turn   | Place    | Note
-------+----------+-------------------------------------------
     0 | D:1      | aspy the Ghoul Venom Mage began the quest for the Orb.
     0 | D:1      | Reached XP level 1. HP: 14/14 MP: 2/2
   115 | D:1      | Reached skill level 1 in Unarmed Combat
   127 | D:1      | Reached XP level 2. HP: 13/20 MP: 1/3
   945 | D:2      | Reached skill level 2 in Unarmed Combat
   945 | D:2      | Reached XP level 3. HP: 26/26 MP: 4/4
   950 | D:2      | Learned a level 3 spell: Mephitic Cloud
  1588 | D:2      | Reached XP level 4. HP: 33/33 MP: 4/6
  1646 | D:2      | Reached skill level 1 in Conjurations
  1686 | D:3      | Reached skill level 3 in Unarmed Combat
  2192 | D:3      | Reached XP level 5. HP: 32/37 MP: 7/7
  2348 | D:3      | Reached skill level 4 in Unarmed Combat
  2644 | D:4      | Noticed Philosophy's ghost (amateur FoFi)
  2698 | D:4      | Learned a level 2 spell: Call Imp
  2707 | D:4      | Found a sparkling altar of Nemelex Xobeh.
  2847 | D:4      | Reached skill level 1 in Air Magic
  2953 | D:4      | Reached skill level 5 in Unarmed Combat
  2953 | D:4      | Reached XP level 6. HP: 37/44 MP: 4/8
  3332 | D:4      | Reached skill level 1 in Fighting
  4036 | D:4      | Reached XP level 7. HP: 50/54 MP: 2/9
  4099 | D:5      | Entered Level 5 of the Dungeon
  4145 | D:5      | Reached skill level 5 in Poison Magic
  4675 | D:5      | Noticed Dowan
  4709 | D:5      | Reached skill level 6 in Unarmed Combat
  4917 | D:5      | Noticed Edmund
  5014 | D:5      | Noticed Prince Ribbit
  5052 | D:5      | Killed Prince Ribbit
  5052 | D:5      | Reached skill level 7 in Unarmed Combat
  5052 | D:5      | Reached XP level 8. HP: 16/61 MP: 5/10
  5440 | D:5      | Noticed Duvessa
  5516 | D:5      | Killed Duvessa
  5531 | D:5      | Killed Dowan
  6001 | D:6      | Reached skill level 8 in Unarmed Combat
  6102 | D:6      | Found a staircase to the Ecumenical Temple.
  6111 | D:6      | Got a coiled emerald amulet
  6120 | D:6      | Identified the amulet "Ozaivvux" {RegenMP Fragile Str+4 Dex+6} (You found it on level 6 of the Dungeon)
  6123 | Temple   | Entered the Ecumenical Temple
  6173 | Temple   | Became a worshipper of Dithmenos the Shadowed
  6680 | D:6      | Reached skill level 5 in Dodging
  6752 | D:6      | Found Kogiklumao's Assorted Antiques.
  6755 | D:6      | Bought a scroll of identify for 58 gold pieces
  6755 | D:6      | Bought a scroll of identify for 58 gold pieces
  6889 | D:7      | Reached XP level 9. HP: 50/67 MP: 11/11
  7147 | D:7      | Reached skill level 9 in Unarmed Combat
  8187 | D:8      | Noticed a two-headed ogre
  8262 | D:8      | Killed a two-headed ogre
  8262 | D:8      | Reached skill level 10 in Unarmed Combat
  8271 | D:7      | Learned a level 4 spell: Olgreb's Toxic Radiance
  8531 | D:8      | Paralysed by a big kobold for 6 turns
  8814 | D:8      | Noticed a two-headed ogre
  8855 | D:8      | Killed a two-headed ogre
  8942 | D:8      | Reached * piety under Dithmenos
  9296 | D:9      | Noticed a troll
  9310 | D:9      | Killed a troll
  9310 | D:9      | Reached XP level 10. HP: 65/73 MP: 1/12
  9513 | D:9      | Noticed Pikel
  9603 | D:9      | Killed Pikel
 10535 | D:10     | Entered Level 10 of the Dungeon
 10558 | D:10     | Reached ** piety under Dithmenos
 11040 | D:10     | Reached skill level 11 in Unarmed Combat
 11259 | D:10     | Reached XP level 11. HP: 76/82 MP: 13/13
 11505 | D:11     | Noticed a six-headed hydra
 11584 | D:11     | Found a staircase to the Orcish Mines.
 11711 | D:11     | Noticed Sonja
 11719 | D:11     | Killed Sonja
 11719 | D:11     | Reached skill level 5 in Fighting
 11719 | D:11     | Reached skill level 12 in Unarmed Combat
 11788 | D:11     | Reached *** piety under Dithmenos
 11792 | D:11     | Noticed a hill giant
 11858 | D:11     | Killed a hill giant
 12134 | D:11     | Found a staircase to the Lair.
 12358 | Lair:1   | Entered Level 1 of the Lair of Beasts
 12582 | Lair:1   | Reached skill level 13 in Unarmed Combat
 13205 | Lair:2   | Reached **** piety under Dithmenos
 13421 | Lair:2   | Noticed a death yak
 13422 | Lair:2   | Noticed a death yak
 13540 | Lair:2   | Reached XP level 12. HP: 93/99 MP: 14/14
 13612 | Lair:2   | Found a staircase to the Shoals.
 13682 | Lair:2   | Reached skill level 14 in Unarmed Combat
 14037 | Lair:2   | Noticed a death yak
 14429 | Lair:3   | Noticed Urug
 14999 | Lair:4   | Reached skill level 15 in Unarmed Combat
 15080 | Lair:4   | Reached ***** piety under Dithmenos
 15349 | Lair:4   | Noticed Snorg
 15381 | Lair:4   | Killed Snorg
 15452 | Lair:4   | Reached XP level 13. HP: 105/113 MP: 15/15
 15632 | Lair:4   | Found a hole to the Spider Nest.
 15636 | Lair:4   | Reached skill level 16 in Unarmed Combat
 15797 | Lair:5   | Found a viscous altar of Jiyva.
 15797 | Lair:5   | Found a staircase to the Slime Pits.
 15948 | Lair:5   | Reached skill level 10 in Fighting
 16628 | Lair:5   | Reached skill level 17 in Unarmed Combat
 16814 | Lair:6   | Entered Level 6 of the Lair of Beasts
 17233 | Lair:6   | Reached skill level 18 in Unarmed Combat
 17233 | Lair:6   | Reached XP level 14. HP: 116/122 MP: 6/16
 17530 | Lair:6   | Noticed a dire elephant
 17698 | Lair:6   | Noticed a dire elephant
 17925 | Lair:6   | Killed a dire elephant
 17972 | Lair:6   | Reached ****** piety under Dithmenos
 18095 | Lair:6   | Killed a dire elephant
 18289 | Lair:6   | Reached skill level 1 in Invocations
 18298 | Lair:6   | Reached skill level 19 in Unarmed Combat
 18460 | Spider:1 | Entered Level 1 of the Spider Nest
 18678 | Spider:1 | Noticed an entropy weaver
 18694 | Spider:1 | HP: 6/122 [entropy weaver (6)]
 19321 | Spider:1 | Killed an entropy weaver
 19321 | Spider:1 | Reached skill level 10 in Poison Magic
 19361 | Spider:1 | You fall through a shaft!
 19921 | Spider:1 | Reached XP level 15. HP: 129/129 MP: 13/17
 20074 | Spider:2 | Noticed kraedy's ghost (adept GrFi)
 20314 | Spider:3 | Reached skill level 5 in Stealth
 20701 | Spider:3 | Reached skill level 20 in Unarmed Combat
 21449 | Spider:3 | Reached skill level 10 in Dodging
 21672 | Spider:4 | Entered Level 4 of the Spider Nest
 21738 | Spider:4 | Noticed an emperor scorpion
 21765 | Spider:3 | Killed an emperor scorpion
 22219 | Spider:4 | Reached skill level 21 in Unarmed Combat
 22219 | Spider:4 | Reached XP level 16. HP: 100/137 MP: 18/18
 22701 | Spider:4 | Noticed Arachne
 23423 | Spider:4 | Got a gossamer rune of Zot
 23772 | Orc:1    | Entered Level 1 of the Orcish Mines
 23894 | Orc:2    | Entered Level 2 of the Orcish Mines
 24013 | Orc:2    | Found Riulojosch's General Store.
 24392 | Orc:2    | Found Mojint's Antique Weapon Shop.
 24392 | Orc:2    | Found Ginn's Book Emporium.
 24474 | Orc:2    | Found Taric's Assorted Antiques.
 24474 | Orc:2    | Found Poletem's Antique Armour Boutique.
 24504 | Orc:2    | Reached skill level 22 in Unarmed Combat
 24554 | Orc:2    | Bought a cloak for 144 gold pieces
 24554 | Orc:2    | Bought a pair of runed boots for 336 gold pieces
 24555 | Orc:2    | Bought 2 amethyst potions for 43 gold pieces
 24565 | Orc:2    | Identified a +1 pair of boots of running (You bought it in a shop on level 2 of the Orcish Mines)
 24720 | Orc:2    | Noticed Rupert
 24925 | D:12     | Learned a level 1 spell: Infusion
 24929 | D:12     | Learned a level 3 spell: Regeneration
 24932 | D:12     | Learned a level 2 spell: Song of Slaying
 24970 | D:12     | Reached XP level 17. HP: 146/146 MP: 19/19
 25218 | D:12     | Noticed Gastronok
 25247 | D:12     | Killed Gastronok
 25247 | D:12     | Reached skill level 1 in Charms
 25664 | D:13     | Found a gate to the Vaults.
 25664 | D:13     | Noticed Nessos
 26095 | D:13     | Killed Nessos
 26408 | D:13     | Found a stormy altar of Qazlal.
 26985 | D:14     | Found Xazoedil's Armour Boutique.
 27284 | D:14     | Reached skill level 5 in Charms
 27397 | D:15     | Entered Level 15 of the Dungeon
 28129 | D:15     | Reached skill level 1 in Necromancy
 28227 | D:15     | Found a staircase to the Depths.
 28348 | D:15     | Found a glowing golden altar of the Shining One.
 28409 | D:15     | Noticed Josephine
 28729 | D:15     | Killed Josephine
 28911 | Shoals:1 | Entered Level 1 of the Shoals
 29263 | Shoals:2 | Found Miopet's Magic Scroll Shop.
 29274 | Shoals:2 | Bought a scroll of recharging for 142 gold pieces
 29274 | Shoals:2 | Bought a scroll of identify for 30 gold pieces
 29783 | Shoals:3 | Found a frozen archway.
 29801 | IceCv    | Entered an ice cave
 30052 | IceCv    | Reached XP level 18. HP: 143/155 MP: 20/20
 30153 | IceCv    | Noticed an Ice Fiend
 30170 | IceCv    | Killed an Ice Fiend
 30338 | Shoals:4 | Entered Level 4 of the Shoals
 31015 | Shoals:4 | Got a barnacled rune of Zot
 31206 | Vaults:1 | Entered Level 1 of the Vaults
 31658 | Vaults:1 | Cast into level 2 of the Abyss (a deep elf demonologist)
 31664 | Abyss:3  | Found a corrupted altar of Lugonu.
 31691 | Abyss:3  | Reached skill level 23 in Unarmed Combat
 31908 | Abyss:3  | Noticed a bone dragon
 31933 | Abyss:3  | Found a corrupted altar of Lugonu.
 32278 | Abyss:3  | Identified a scroll of acquirement
 33199 | Abyss:3  | Noticed a lich
 33208 | Abyss:3  | Killed a lich
 33236 | Abyss:3  | Noticed a bone dragon
 33627 | Abyss:4  | Noticed a quicksilver dragon
 33633 | Abyss:4  | Killed a quicksilver dragon
 33742 | Abyss:4  | Noticed a lich
 33751 | Abyss:4  | Killed a lich
 33819 | Abyss:5  | Entered Level 5 of the Abyss
 33934 | Abyss:5  | Got an abyssal rune of Zot
 33945 | Vaults:1 | Escaped the Abyss
 34279 | Depths:1 | Entered Level 1 of the Depths
 34371 | Depths:1 | Found a one-way gate leading to the halls of Pandemonium.
 34441 | Depths:1 | Found a gateway to Hell.
 34548 | Depths:1 | Found a magical portal.
 34575 | WizLab   | Entered Doroklohe's Tomb
 34860 | WizLab   | Noticed a greater mummy
 34884 | WizLab   | Reached XP level 19. HP: 104/161 MP: 21/21
 35283 | WizLab   | Killed a greater mummy
 35644 | Depths:1 | Reached skill level 24 in Unarmed Combat
 35807 | Depths:1 | Reached skill level 15 in Dodging
 35895 | Depths:1 | Paralysed by a great orb of eyes for 3 turns
 36117 | Depths:2 | Found a gateway to a ziggurat.
 37344 | Vaults:1 | Noticed a lich
 37358 | Vaults:1 | Paralysed by a lich for 6 turns
 37638 | Vaults:1 | Killed a lich
 37638 | Vaults:1 | Reached XP level 20. HP: 167/171 MP: 22/22
 39574 | Vaults:2 | Found a portal to a secret trove of treasure.
 39609 | Vaults:2 | Reached skill level 25 in Unarmed Combat
 39685 | Vaults:2 | Paralysed by an ogre mage for 3 turns
 40283 | Vaults:2 | Reached skill level 15 in Fighting
 40784 | Vaults:2 | Reached XP level 21. HP: 96/183 MP: 18/23
 41360 | Vaults:3 | Reached skill level 10 in Stealth
 42670 | Vaults:3 | Shot with a bolt by a yaktaur

Skill      XL: |  1  2  3  4  5  6  7  8  9 10 11 12 13 14 15 16 17 18 19 20 21 |
---------------+----------------------------------------------------------------+-----
Dodging        | 2 3 5 6 7 8 9 10 12 13 14 16 | 16.0
Unarmed Combat | 1 2 3 5 7 8 10 11 13 15 18 19 21 22 23 24 25 | 25.2
Spellcasting   | 2 |  2.0
Conjurations   | 1 2 |  2.0
Air Magic      | 1 |  1.0
Fighting       | 2 4 7 9 10 11 12 13 15 16 | 16.6
Poison Magic   | 5 7 9 10 | 10.0
Stealth        | 3 4 6 7 9 11 | 11.0
Invocations    | 1 4 |  4.0
Charms         | 5 |  5.9
Necromancy     | 3 |  3.1

Action                   |  1- 3 |  4- 6 |  7- 9 | 10-12 | 13-15 | 16-18 | 19-21 || total
-------------------------+-------+-------+-------+-------+-------+-------+-------++-------
Melee: Unarmed           |    88 |   120 |   311 |   485 |   709 |  1557 |  1156 ||  4426
       Punch             |       |     2 |     9 |    25 |    83 |   223 |   165 ||   507
 Fire: Hunting sling     |    22 |    27 |    15 |       |       |       |       ||    64
Throw: Throwing net      |       |     2 |       |       |       |       |       ||     2
       Javelin           |       |       |       |    13 |     2 |    13 |     3 ||    31
 Cast: Sting             |    20 |    76 |    92 |    87 |   150 |   129 |    67 ||   621
       Mephitic Cloud    |       |     4 |    14 |    10 |     3 |       |       ||    31
       Olgreb's Toxic Ra |       |       |     1 |    71 |   126 |   119 |   196 ||   513
       Regeneration      |       |       |       |       |       |     3 |     4 ||     7
       Infusion          |       |       |       |       |       |     3 |     1 ||     4
Invok: Shadow Step       |       |       |       |       |       |       |     1 ||     1
Evoke: Wand              |       |       |     2 |       |     4 |    17 |     8 ||    31
  Use: Scroll            |     1 |     3 |    10 |    13 |    13 |    30 |    10 ||    80
       Potion            |       |     1 |     6 |     2 |     8 |    14 |     5 ||    36
 Stab: Sleeping          |       |     2 |     3 |     8 |     3 |    37 |    11 ||    64
       Confused          |       |     2 |     5 |     8 |     5 |       |       ||    20
       Distracted        |       |     1 |       |     2 |     1 |     8 |     1 ||    13
       Paralysed         |       |       |     2 |       |       |       |       ||     2
       Petrified         |       |       |       |       |       |     1 |       ||     1
  Eat: Chunk             |    13 |    11 |    36 |    59 |   116 |   175 |   140 ||   550
       Beef jerky        |       |     1 |       |       |       |       |       ||     1
       Meat ration       |       |       |     1 |       |       |     1 |     1 ||     3
Armor: Robe              |    15 |    21 |    42 |     2 |       |       |       ||    80
       Troll leather arm |       |       |       |    47 |   117 |   151 |       ||   315
       Steam dragon scal |       |       |       |       |       |    58 |   118 ||   176
Dodge: Dodged            |    44 |    78 |   194 |   339 |   597 |  1221 |  1019 ||  3492
